 Dungeon Crawl Stone Soup version 0.24-a0-84-g25a2d9f (webtiles) character file.

Game seed: 14237178277229575128

287 rednit the Cudgeler (level 6, 0/56 HPs)
             Began as a Minotaur Berserker on Feb 7, 2019.
             Was a Believer of Trog.
             Succumbed to Sigmund's poison
             ... on level 3 of the Dungeon.
             The game lasted 00:07:43 (1921 turns).

rednit the Cudgeler (Minotaur Berserker)            Turns: 1921, Time: 00:07:43

Health: 0/56       AC:  8    Str: 26    XL:     6   Next: 8%
Magic:  5/5        EV:  6    Int:  4    God:    Trog [**....]
Gold:   201        SH: 15    Dex:  9    Spells: 5/5 levels left

rFire    . . .     SeeInvis .   a - +0 mace
rCold    . . .     Gourm    .   e - +2 large shield
rNeg     . . .     Faith    .   k - +0 scale mail
rPois    .         Spirit   .   (helmet restricted)
rElec    .         Reflect  .   i - +0 cloak
rCorr    .         Harm     .   (no gloves)
MR       ++...                  (no boots)
Stlth    ..........             (no amulet)
HPRegen  1.18/turn              m - +2 ring of strength
MPRegen  0.09/turn              (no ring)

@: lethally poisoned (0 -> -5), berserk cooldown, regenerating, slowed, very
slow
A: retaliatory headbutt, horns 2
a: Berserk, Trog's Hand, Renounce Religion


You were on level 3 of the Dungeon.
You worshipped Trog.
Trog was pleased with you.
You were near starving.

You visited 1 branch of the dungeon, and saw 3 of its levels.

You collected 201 gold pieces.

Inventory:

Hand Weapons
 a - a +0 mace (weapon)
Armour
 b - a +0 animal skin
 e - a +2 large shield (worn)
 i - a +0 cloak (worn)
 k - a +0 scale mail (worn)
Jewellery
 m - a +2 ring of strength (left hand)
Wands
 q - a wand of flame (5)
Scrolls
 d - 4 scrolls of identify
 f - a scroll of magic mapping {unknown}
 g - a scroll of enchant weapon {unknown}
 j - 2 scrolls of remove curse {unknown}
Potions
 h - 4 potions of invisibility {unknown}
 l - 2 potions of curing {unknown}
 n - a potion of flight {unknown}
 o - 2 potions of degeneration {unknown}
 r - a potion of heal wounds {unknown}
Comestibles
 c - 8 rations
 p - 3 chunks of flesh


   Skills:
 + Level 5.0 Fighting
 * Level 5.8 Maces & Flails
 + Level 3.8 Armour
 + Level 3.6 Dodging
 - Level 1.0 Shields


You had 5 spell levels left.
You didn't know any spells.
Your spell library was empty.

Dungeon Overview and Level Annotations

Branches:
Dungeon (3/15)

Altars:


Innate Abilities, Weirdness & Mutations

You reflexively headbutt those who attack you in melee.
You have a pair of horns on your head.


Message History

Your experience leads to an increase in your attributes!
Your base attributes are Str 23, Int 4, Dex 9.
Increase (S)trength, (I)ntelligence, or (D)exterity?
You feel stronger.
You feel a bit more experienced.
* * * LOW HITPOINT WARNING * * *
You feel very sick. The adder bites you but does no damage.
* * * LOW HITPOINT WARNING * * *
You feel sick.
You feel a strong urge to attack something.
You are no longer berserk.
You are exhausted.
You feel yourself slow down.
* * * LOW HITPOINT WARNING * * *
You feel sick.
* * * LOW HITPOINT WARNING * * *
You feel very sick. You block the adder's attack.
You die...

#........ #........
#........
####h.......
#.h).......>
#h##r).....#
#S##)......#
#.##.......#
######@##########
#......#
#.########## #.#
#......#########
#.###.###..........#
#.....# #..........#
####### #..........#
#..........#
#..........#


You could see an adder and 2 jackals.

Vanquished Creatures
  Sigmund (D:3)
  Ijyb (D:3)
  3 adders (D:2)
  An ooze (D:2)
  A worm (D:2)
  2 dart slugs (D:1)
  4 leopard geckos
  A giant cockroach (D:2)
  11 goblins
  4 hobgoblins (D:1)
  A jackal (D:3)
  10 bats
  A frilled lizard (D:1)
  9 kobolds
  6 rats
56 creatures vanquished.

Notes
Turn   | Place    | Note
-------+----------+-------------------------------------------
     0 | D:1      | rednit the Minotaur Berserker began the quest for the Orb.
     0 | D:1      | Reached XP level 1. HP: 19/19 MP: 0/0
    52 | D:1      | Reached XP level 2. HP: 24/27 MP: 1/1
   418 | D:1      | Reached ** piety under Trog
   546 | D:1      | Reached XP level 3. HP: 33/33 MP: 2/2
  1085 | D:2      | Reached skill level 1 in Shields
  1249 | D:2      | Reached XP level 4. HP: 36/41 MP: 3/3
  1696 | D:3      | Noticed Ijyb
  1704 | D:3      | Killed Ijyb
  1704 | D:3      | Reached skill level 5 in Maces & Flails
  1897 | D:3      | Noticed Sigmund
  1917 | D:3      | Killed Sigmund
  1917 | D:3      | Reached skill level 5 in Fighting
  1917 | D:3      | Reached XP level 5. HP: 9/48 MP: 4/4
  1917 | D:3      | Reached XP level 6. HP: 11/56 MP: 5/5
  1920 | D:3      | HP: 2/56 [poisoned by Sigmund]
  1921 | D:3      | Succumbed to Sigmund's poison

Levels and vault maps discovered:

Skill      XL: |  1  2  3  4 |
---------------+-------------+-----
Maces & Flails | 4 5 |  5.8
Fighting       | 4 5 |  5.0
Shields        | 1 |  1.0
Armour         | 3 |  3.8
Dodging        | 3 |  3.6

Action                   |  1- 3 |  4- 6 || total
-------------------------+-------+-------++-------
Melee: Mace              |    90 |    46 ||   136
       Headbutt          |    11 |     5 ||    16
Invok: Berserk           |       |     1 ||     1
       Trog's Hand       |       |     1 ||     1
  Use: Scroll            |     1 |     1 ||     2
  Eat: Chunk             |     1 |     2 ||     3
Armor: Animal skin       |    12 |       ||    12
       Scale mail        |    11 |    12 ||    23
Dodge: Dodged            |    23 |     2 ||    25
Block: Large shield      |    82 |    43 ||   125

Table legend:
 A = Non-vault XP
 B = Vault XP
 C = Vault XP percentage of total XP
 D = Non-vault monster count
 E = Vault monster count
 F = Vault count percentage of total count
                 A         B        C        D         E       F
            +---------+---------+-------+---------+---------+-------
      Total |     137 |     274 |  66.7 |      54 |       2 |   3.6
            +---------+---------+-------+---------+---------+-------
        D:1 |      49 |       0 |   0.0 |      28 |       0 |   0.0
        D:2 |      76 |       0 |   0.0 |      18 |       0 |   0.0
        D:3 |      12 |     274 |  95.8 |       8 |       2 |  20.0
            +---------+---------+-------+---------+---------+-------
